 Dungeon Crawl Stone Soup version 0.31-a0-986-g5e6e4ef867 (webtiles) character file.

Game seed: 3622188482564526169

1 gelatine the Chopper (level 1, -1/16 HPs)
             Began as a Demonspawn Gladiator on Nov 8, 2023.
             Slain by a gnoll
             ... wielding a +0 whip
              (5 damage)
             ... on level 1 of the Dungeon.
             The game lasted 00:00:11 (81 turns).

gelatine the Chopper (Demonspawn Gladiator)           Turns: 81, Time: 00:00:11

Health: -1/16      AC:  4    Str: 14    XL:     1   Next: 16%
Magic:  1/1        EV: 12    Int:  9    God:
Gold:   10         SH:  0    Dex: 14    Spells: 0/0 levels left

rFire   . . .        a - +0 war axe
rCold   . . .        (no shield)
rNeg    . . .        b - +0 leather armour
rPois   .            c - +0 helmet
rElec   .            (no cloak)
rCorr   .            (no gloves)
SInv    .            (no boots)
Will    .....        (no amulet)
Stlth   +            (no ring)
HPRegen 0.22/turn    (no ring)
MPRegen 0.07/turn

%: no passive effects
@: no status effects
A: no striking features
a: no special abilities


You were on level 1 of the Dungeon.
You visited 1 branch of the dungeon, and saw 1 of its levels.

You collected 10 gold pieces.

Inventory:

Hand Weapons
 a - a +0 war axe (weapon)
Missiles
 d - 3 throwing nets (quivered)
 e - a javelin
Armour
 b - a +0 leather armour (worn)
 c - a +0 helmet (worn)


   Skills:
 + Level 2.0 Fighting
 + Level 2.7 Axes
 + Level 1.7 Throwing
 + Level 2.7 Dodging


You couldn't memorise any spells.
You didn't know any spells.
Your spell library was empty.

Dungeon Overview and Level Annotations

Branches:
Dungeon (1/15)

Altars:


Message History

You closely miss the rat. The rat bites you but does no damage.
You barely miss the rat. The rat barely misses you.
You completely miss the rat. The rat bites you but does no damage.
The rat bites you.
You slash the rat!
You kill the rat!
HP restored.
A goblin comes into view.
It is wielding a +2 dagger of protection.
The goblin shouts!
The goblin closely misses you.
You hit the goblin but do no damage. The goblin closely misses you.
You hit the goblin.
The goblin is severely wounded.
The goblin barely misses you.
The goblin hits you with a +2 dagger of protection.
You slash the goblin!
You kill the goblin!
You see here a +2 dagger of protection.
A gnoll comes into view. It is wielding a +0 whip.
A ball python comes into view.
The gnoll shouts!
The ball python hisses angrily.
You hear a bark!
You closely miss the gnoll. The gnoll hits you with a +0 whip.
The gnoll barely misses you.
You closely miss the gnoll. You punch the gnoll.
The gnoll is lightly wounded.
The gnoll hits you with a +0 whip.
You closely miss the gnoll.
The gnoll is lightly wounded.
A jackal comes into view.
The gnoll closely misses you.
You hit the gnoll.
The gnoll is lightly wounded.
The gnoll hits you with a +0 whip!
Ouch! That really hurt!
* * * LOW HITPOINT WARNING * * *
The gnoll hits you but does no damage.
You barely miss the gnoll.
The gnoll is lightly wounded.
The gnoll hits you with a +0 whip.
You die...

#.#. ####### #.#.#
#.....#
#.#.#####.#.#.##########
#..........##...@gSh....
##..####..#^############
...# #.....#
###.####.##..#
......)..##..#
##..#######.###. #..#
###... #..# #..# #..##
...


You could see a gnoll, a jackal and a ball python.

Vanquished Creatures
  A goblin (D:1)
  A rat (D:1)
2 creatures vanquished.

Notes
Turn   | Place    | Note
-------+----------+-------------------------------------------
     0 | D:1      | gelatine the Demonspawn Gladiator began the quest for the
                  | Orb.
     0 | D:1      | Reached XP level 1. HP: 16/16 MP: 1/1
    81 | D:1      | Slain by a gnoll

Illustrated notes

Levels and vault maps discovered:
D:1:      lemuel_arrival_tunnels, layout_loops_ring,
          hellmonk_ecumenical_altar_pennies_from_heaven, grunt_decor_resistance,
          nrook_mini_vaults, dreamdust_mushroom_princess,
          minmay_rat_gold_closets

Action                     || total
---------------------------++-------
  Melee: War axe           ||    12
         Punch             ||     1
 Armour: Leather armour    ||     9
  Dodge: Dodged            ||     6

Table legend: (Time is in decaauts)
 A = Elapsed time spent in this place.
 B = Non-inter-level travel time spent in this place.
 C = Inter-level travel time spent in this place.
 D = Time resting spent in this place.
 E = Time spent auto-exploring this place.
 F = Levels seen in this place.
 G = Mean time per level.
                   A        B        C        D        E       F      G
               +--------+--------+--------+--------+--------+-----+--------+
         Total |     85 |     85 |      0 |      0 |     56 |   1 |   85.0 |
       Dungeon |     85 |     85 |      0 |      0 |     56 |   1 |   85.0 |
               +--------+--------+--------+--------+--------+-----+--------+

Top non-repeatable levels by time:
     D:1: 85 daAuts
